 Dungeon Crawl Stone Soup version 0.19.3-4-gbf9329e (webtiles) character file.

2826 JeffiDaFish the Stinger (level 9, -7/52 HPs)
             Began as a Gargoyle Venom Mage on Jan 30, 2017.
             Was an Initiate of Vehumet.
             Mangled by Wextippler's ghost (17 damage)
             ... on level 8 of the Dungeon.
             The game lasted 00:33:59 (7921 turns).

JeffiDaFish the Stinger (Gargoyle Venom Mage)       Turns: 7921, Time: 00:33:59

Health: -7/52      AC: 11    Str: 13    XL:     9   Next: 73%
Magic:  26/26      EV: 13    Int: 22    God:    Vehumet [......]
Gold:   374        SH:  0    Dex: 12    Spells: 5 memorised, 3 levels left

rFire  . . .     SeeInvis .     a - +2 great mace (flame)
rCold  . . .     Gourm    .     g - +2 leather armour "Foyner" {rPois rN+++ Int+6}
rNeg   + + +     Faith    +     (shield currently unavailable)
rPois  ∞         Spirit   .     (no helmet)
rElec  +         Reflect  .     (no cloak)
rCorr  .         Harm     .     (no gloves)
MR     .....                    f - +0 pair of boots
Stlth  +++.......               d - amulet of faith
                                c - ring of magical power
                                o - ring of positive energy

@: no status effects
A: negative energy resistance 1, electricity resistance, unbreathing,
petrification resistance, rot immunity, AC +5
a: Renounce Religion


You were on level 8 of the Dungeon.
You worshipped Vehumet.
Vehumet was noncommittal.
You were not hungry.

You visited 2 branches of the dungeon, and saw 9 of its levels.

You collected 374 gold pieces.

Inventory:

Hand Weapons
 a - a +2 great mace of flaming (weapon)
Armour
 f - a +0 pair of boots (worn)
 g - the +2 leather armour "Foyner" (worn) {rPois rN+++ Int+6}
   (You found it on level 4 of the Dungeon)

   It affects your intelligence (+6).
   It protects you from poison.
   It renders you almost immune to negative energy.
Jewellery
 c - a ring of magical power (right hand)
 d - an amulet of faith (around neck)
 o - a ring of positive energy (left hand)
Scrolls
 h - 4 scrolls of fog
 l - a scroll of magic mapping
 p - a scroll of fear
 q - 2 scrolls of identify
 r - 3 scrolls of remove curse
 s - 2 scrolls of recharging
Potions
 e - 6 potions of curing
 i - a potion of heal wounds
 u - a potion of agility
 v - a potion of berserk rage
Books
 b - a Young Poisoner's Handbook

   Spells                             Type                      Level
   a - Sting                          Conjuration/Poison           1
   b - Mephitic Cloud                 Conjuration/Poison/Air       3
   c - Olgreb's Toxic Radiance        Poison                       4
   d - Alistair's Intoxication        Transmutation/Poison         5
   e - Venom Bolt                     Conjuration/Poison           5
 k - a book of Changes

   Spells                             Type                      Level
   a - Beastly Appendage              Transmutation                1
   b - Sticks to Snakes               Transmutation                2
   c - Spider Form                    Transmutation/Poison         3
   d - Ice Form                       Ice/Transmutation            4
   e - Blade Hands                    Transmutation                5
 w - a book of Air

   Spells                             Type                      Level
   a - Shock                          Conjuration/Air              1
   b - Swiftness                      Charms/Air                   2
   c - Repel Missiles                 Charms/Air                   2
   d - Static Discharge               Conjuration/Air              3
   e - Lightning Bolt                 Conjuration/Air              5
 y - a book of Battle

   Spells                             Type                      Level
   a - Infusion                       Charms                       1
   b - Shroud of Golubria             Charms/Translocation         2
   c - Song of Slaying                Charms                       2
   d - Spectral Weapon                Hexes/Charms                 3
   e - Regeneration                   Charms/Necromancy            3
Comestibles
 j - 4 bread rations
 m - a beef jerky
 n - 3 meat rations
 x - 2 chunks of flesh


   Skills:
 + Level 4.0 Fighting
 * Level 5.0 Maces & Flails
   Level 0.1 Polearms
 + Level 3.8 Dodging
 + Level 5.3 Stealth
 * Level 5.5 Spellcasting
 + Level 4.3 Conjurations
 + Level 3.7 Air Magic
 + Level 6.0 Poison Magic


You had 3 spell levels left.
You knew the following spells:

 Your Spells              Type           Power        Failure   Level  Hunger
a - Sting                 Conj/Pois      ####         1%          1    None
b - Mephitic Cloud        Conj/Pois/Air  ####....     6%          3    ##.....
c - Olgreb's Toxic Radia  Pois           ####....     12%         4    ####...
d - Venom Bolt            Conj/Pois      ####......   38%         5    #####..
e - Static Discharge      Conj/Air       ###.....     10%         3    ##.....


Dungeon Overview and Level Annotations

Branches:
Dungeon (8/15)             Temple (1/1) D:7
   Lair: D:8-11

Altars:
Dithmenos
Elyvilon
Fedhas
Kikubaaqudgha
Makhleb
Ru
Vehumet
Zin

Shops:
D:4 !

Annotations:
D:8 Wextippler's ghost, novice HOFi


Innate Abilities, Weirdness & Mutations

You are resistant to torment.
Your stone body is resilient. (AC +5)
You are immune to poison.
You resist negative energy. (rN+)
You are resistant to electric shocks. (rElec)
You can survive without breathing.
You are immune to petrification.
You are immune to rotting.


Message History

Wextippler's ghost hits you!!
* * * LOW HITPOINT WARNING * * *
Wextippler's ghost closely misses you.
You barely miss Wextippler's ghost.
Wextippler's ghost is heavily damaged.
Wextippler's ghost hits you.
* * * LOW HITPOINT WARNING * * *
You closely miss Wextippler's ghost.
Wextippler's ghost is heavily damaged.
Wextippler's ghost barely misses you. x2
You closely miss Wextippler's ghost.
Wextippler's ghost is heavily damaged.
Wextippler's ghost hits you but does no damage.
Some of the chunks of flesh in your inventory have rotted away.
You closely miss Wextippler's ghost.
Wextippler's ghost is heavily damaged.
Wextippler's ghost hits you.
* * * LOW HITPOINT WARNING * * *
Wextippler's ghost hits you!
You die...

#.# .# ##.###W#
#......# #..####......
#..# ##### #..# #..#
#W.# #@.# #..#
.#########..#
............# #########
#
######.##.#####....##.#
# #.##.........###.# #
#.##########.###(# #
#<##.............####
#[.....#####.........


You could see Wextippler's ghost.

Vanquished Creatures
  The ghost of DrChuchu the Skirmisher, a novice DsFi (D:4)
  Eustachio (D:5)
  A hungry ghost (D:8)
  A water moccasin (D:8)
  An orc warrior (D:8)
  2 sky beasts (D:7)
  A phantom (D:4)
  An ice beast (D:8)
  A black bear (D:8)
  A crocodile (D:7)
  Blork the orc (D:4)
  A bullfrog (D:6)
  A gnoll sergeant (D:7)
  2 big kobolds (D:7)
  2 wyvern skeletons
  A scorpion (D:4)
  3 wights (D:6)
  2 howler monkeys (D:6)
  4 crimson imps (D:7)
  2 hounds
  A centaur skeleton (D:5)
  A jelly (D:8)
  A bullfrog skeleton (D:5)
  2 iguanas
  5 orc wizards
  5 worker ants
  2 hound skeletons
  6 adders
  5 gnolls (D:7)
  An ooze (D:2)
  An adder zombie (D:8)
  3 worms
  4 dart slugs
  6 leopard geckos
  24 orcs
  8 bats
  9 giant cockroaches
  8 goblins
  7 hobgoblins
  2 jackals
  15 kobolds
  4 quokkas
  2 ball pythons
  4 frilled lizards
  A jackal skeleton (D:6)
  2 leopard gecko skeletons (D:5)
  10 rats
  A bush (D:1)
  A plant (D:1)
171 creatures vanquished.

Notes
Turn   | Place    | Note
-------+----------+-------------------------------------------
     0 | D:1      | JeffiDaFish the Gargoyle Venom Mage began the quest for the Orb.
     0 | D:1      | Reached XP level 1. HP: 10/10 MP: 3/3
   110 | D:1      | Reached XP level 2. HP: 12/15 MP: 3/5
   773 | D:1      | Reached XP level 3. HP: 7/20 MP: 4/6
  1741 | D:2      | Learned a level 3 spell: Mephitic Cloud
  1877 | D:2      | Reached XP level 4. HP: 20/24 MP: 5/7
  2361 | D:3      | Reached skill level 1 in Fighting
  2461 | D:3      | Reached skill level 1 in Conjurations
  2461 | D:3      | Reached XP level 5. HP: 26/29 MP: 8/8
  2465 | D:3      | Reached skill level 1 in Air Magic
  2606 | D:3      | Reached skill level 1 in Maces & Flails
  3295 | D:3      | Found a white marble altar of Elyvilon.
  3359 | D:4      | Reached XP level 6. HP: 21/34 MP: 10/10
  3458 | D:4      | Noticed Blork the orc
  3472 | D:4      | Killed Blork the orc
  3779 | D:4      | Noticed DrChuchu's ghost (novice DsFi)
  3796 | D:4      | Killed DrChuchu's ghost
  3796 | D:4      | Reached skill level 5 in Poison Magic
  3796 | D:4      | Reached XP level 7. HP: 34/40 MP: 12/12
  4131 | D:4      | Got a bloodstained leather armour
  4142 | D:4      | Identified the +2 leather armour "Foyner" {rPois rN+++ Int+6} (You found it on level 4 of the Dungeon)
  4619 | D:4      | Reached XP level 8. HP: 15/45 MP: 13/13
  4859 | D:4      | Found Ratex's Distillery.
  5008 | D:5      | Entered Level 5 of the Dungeon
  5149 | D:5      | Noticed Eustachio
  5167 | D:5      | Killed Eustachio
  6343 | D:7      | Reached XP level 9. HP: 39/51 MP: 16/16
  6493 | D:7      | Found a sacrificial altar of Ru.
  6635 | D:7      | Reached skill level 5 in Spellcasting
  6769 | D:7      | Learned a level 4 spell: Olgreb's Toxic Radiance
  6775 | D:7      | Learned a level 5 spell: Venom Bolt
  6798 | D:7      | Reached skill level 5 in Stealth
  6913 | D:7      | Learned a level 3 spell: Static Discharge
  7053 | D:7      | Found a staircase to the Ecumenical Temple.
  7066 | Temple   | Entered the Ecumenical Temple
  7132 | Temple   | Became a worshipper of Vehumet
  7773 | D:8      | Reached skill level 5 in Maces & Flails
  7773 | D:8      | Reached skill level 6 in Poison Magic
  7774 | D:8      | Noticed Wextippler's ghost (novice HOFi)
  7921 | D:8      | Mangled by Wextippler's ghost

Skill      XL: |  1  2  3  4  5  6  7  8  9 |
---------------+----------------------------+-----
Fighting       | 1 2 3 4 |  4.0
Stealth        | 3 4 5 |  5.3
Conjurations   | 1 2 3 4 |  4.3
Air Magic      | 1 2 3 |  3.7
Maces & Flails | 1 2 3 4 5 |  5.0
Dodging        | 2 3 |  3.8
Spellcasting   | 3 4 5 |  5.5
Poison Magic   | 5 6 |  6.0
Polearms       | |  0.1

Action                   |  1- 3 |  4- 6 |  7- 9 || total
-------------------------+-------+-------+-------++-------
Melee: Unarmed           |    39 |       |       ||    39
       Spear             |   365 |       |       ||   365
       Great mace        |    13 |    97 |   268 ||   378
 Cast: Sting             |    45 |    58 |    69 ||   172
       Mephitic Cloud    |       |     9 |    24 ||    33
       Static Discharge  |       |       |     1 ||     1
  Use: Potion            |     2 |     4 |     4 ||    10
       Scroll            |     3 |     8 |     9 ||    20
 Stab: Sleeping          |     1 |     2 |     5 ||     8
       Confused          |       |       |     6 ||     6
  Eat: Chunk             |     2 |     7 |    13 ||    22
       Bread ration      |     1 |       |       ||     1
       Meat ration       |       |       |     2 ||     2
       Beef jerky        |       |       |     1 ||     1
Armor: Robe              |    15 |     6 |     4 ||    25
       Leather armour    |    21 |    38 |   163 ||   222
Dodge: Dodged            |    92 |    80 |   208 ||   380
